 Dungeon Crawl Stone Soup version 0.29-a0-876-gfc89b1a5bd (webtiles) character file.

Game seed: 17585563642711199642

3131 tailcall the Fighter (level 9, -8/82 HPs)
             Began as a Minotaur Fighter on July 19, 2022.
             Was a Believer of Qazlal.
             Mangled by a seven-headed hydra (11 damage)
             ... on level 8 of the Dungeon.
             The game lasted 00:06:22 (8334 turns).

tailcall the Fighter (Minotaur Fighter)             Turns: 8334, Time: 00:06:22

Health: -8/82      AC: 18    Str: 23    XL:     9   Next: 61%
Magic:  11/11      EV: 12    Int:  5    God:    Qazlal [**....]
Gold:   347        SH:  9    Dex: 12    Spells: 8/8 levels left

rFire   + . .      SeeInvis .   a - +0 war axe (venom)
rCold   . . .      Faith    .   c - +0 buckler
rNeg    . . .      Spirit   .   H - +1 swamp dragon scales
rPois   +          Reflect  .   (helmet restricted)
rElec   .          Harm     .   G - +0 cloak
rCorr   .          Rampage  .   o - +2 pair of gloves
Will    .....                   (no boots)
Stlth   +.........              (no amulet)
HPRegen 0.23/turn               B - ring of protection from fire
MPRegen 0.12/turn               P - +4 ring of protection

@: no status effects
A: horns 2, retaliatory headbutt
a: Renounce Religion, Upheaval


You were on level 8 of the Dungeon.
You worshipped Qazlal.
Qazlal was pleased with you.
You visited 2 branches of the dungeon, and saw 9 of its levels.
You also visited: Sewer.

You collected 347 gold pieces.

Inventory:

Hand Weapons
 a - a +0 war axe of venom (weapon)
Missiles
 k - 29 poisoned darts (quivered)
 w - 13 boomerangs
 z - a throwing net
 M - a curare-tipped dart
Armour
 b - a +0 scale mail
 c - a +0 buckler (worn)
 o - a +2 pair of gloves (worn)
 G - a +0 cloak (worn)
 H - +1 swamp dragon scales (worn)
Jewellery
 B - a ring of protection from fire (left hand)
 L - a ring of positive energy
 P - a +4 ring of protection (right hand)
Wands
 i - a wand of iceblast (17)
 I - a wand of digging (6)
 J - a wand of flame (35)
Scrolls
 e - 4 scrolls of immolation
 g - 2 scrolls of noise
 h - 2 scrolls of brand weapon
 m - 2 scrolls of magic mapping
 n - 5 scrolls of identify
 p - 7 scrolls of teleportation {unknown}
 q - 2 scrolls of fear {unknown}
 t - 3 scrolls of fog {unknown}
 v - 4 scrolls of amnesia {unknown}
 y - a scroll of acquirement {unknown}
 A - 4 scrolls of vulnerability {unknown}
 C - a scroll of silence {unknown}
 E - 2 scrolls of enchant armour {unknown}
 N - a scroll of poison {unknown}
 O - a scroll of torment {unknown}
Potions
 d - a potion of might
 f - 3 potions of curing
 j - 2 potions of flight
 l - a potion of cancellation {unknown}
 r - 2 potions of lignification
 s - a potion of mutation {unknown}
 u - 2 potions of haste {unknown}
 x - a potion of resistance {unknown}
 D - a potion of ambrosia
 F - 4 potions of invisibility {unknown}
 K - a potion of heal wounds
 Q - a potion of brilliance {unknown}


   Skills:
 * Level 8.9 Fighting
 + Level 5.9 Axes
 * Level 5.2 Throwing
 + Level 6.6 Armour
 + Level 4.8 Dodging
 + Level 6.6 Shields
 * Level 4.4 Invocations


You had 8 spell levels left.
You didn't know any spells.
Your spell library contained the following spells:

 Spells                   Type           Power      Damage    Failure   Level
 Slow                     Hex            0%         N/A       71%         1
 Scorch                   Fire           0%         2d5       83%         2
 Confusing Touch          Hex            0%         N/A       97%         3
 Ozocubu's Armour         Ice            0%         N/A       97%         3
 Stone Arrow              Conj/Erth      0%         3d7       97%         3
 Vampiric Draining        Necr           0%         2d6       97%         3
 Animate Armour           Summ/Erth      0%         N/A       100%        4
 Flame Wave               Conj/Fire      0%         2d4       100%        4
 Summon Cactus Giant      Summ           0%         N/A       100%        6
 Ozocubu's Refrigeration  Ice            0%         4d5       100%        7
 Lehudib's Crystal Spear  Conj/Erth      0%         10d2      100%        8


Dungeon Overview and Level Annotations

Branches:
Dungeon (8/15)             Temple (1/1) D:5           Sewer (visited)
   Lair: D:8-11

Altars:
Ashenzari
Cheibriados
Dithmenos
Elyvilon
Fedhas
Gozag
Kikubaaqudgha
Makhleb
Nemelex Xobeh
Okawaru
Qazlal
Ru
Trog
Uskayaw
Vehumet
Wu Jian
Xom
Yredelemnul
The Shining One

Annotations:
D:3 3 runed translucent doors, qborf's ghost, amateur TeFE
D:7 2 transporters, p0werm0de's ghost, novice MeCK


Innate Abilities, Weirdness & Mutations

You have a pair of horns on your head.
You reflexively headbutt those who attack you in melee.


Message History

The seven-headed hydra bites you.
The seven-headed hydra completely misses you.
The seven-headed hydra bites you.
The seven-headed hydra barely misses you.
The seven-headed hydra bites you. The seven-headed hydra bites you!
Things that are here:
a +4 dire flail of freezing; a +0 robe The seven-headed hydra attacks as you move away!
The seven-headed hydra bites you.
You block the seven-headed hydra's attack.
The seven-headed hydra bites you but does no damage.
The seven-headed hydra barely misses you.
The seven-headed hydra bites you but does no damage.
The seven-headed hydra bites you. x2
Unknown command.
The seven-headed hydra attacks as you move away!
The seven-headed hydra bites you.
The seven-headed hydra bites you but does no damage. x2
The seven-headed hydra bites you.
You block the seven-headed hydra's attack.
The seven-headed hydra bites you.
* * * LOW HITPOINT WARNING * * *
The seven-headed hydra bites you!
* * * LOW HITPOINT WARNING * * *
There is an open door here.
The seven-headed hydra attacks as you move away!
The seven-headed hydra bites you.
* * * LOW HITPOINT WARNING * * *
The seven-headed hydra misses you.
The seven-headed hydra bites you but does no damage.
You block the seven-headed hydra's attack.
The seven-headed hydra barely misses you.
You block the seven-headed hydra's attack.
The seven-headed hydra bites you.
* * * LOW HITPOINT WARNING * * *
Unknown command.
Okay, then.
The seven-headed hydra attacks as you move away!
The seven-headed hydra bites you!
You die...

#...#####.<###.#
#.#.#..........#
#...#......#######
#.#)#####........#
#...# #........#
###.## #........+
#..# #........#
###'####'########
#....D@.......#
#.............#
#.............#
#.............#
#.............#
...............#
................#
....###..........


You could see a seven-headed hydra.

Vanquished Creatures
  A deep elf zephyrmancer (D:6)
  Maggie (D:6)
  Menkaure (D:6)
  A water moccasin (D:8)
  2 orc warriors (D:7)
  Pargi (Sewer)
  3 black bears
  3 ice beasts
  A centaur (D:6)
  3 kobold brigands
  2 gnoll sergeants
  A bullfrog (D:6)
  A scorpion (D:6)
  A wight (D:8)
  A howler monkey (D:5)
  3 hounds
  4 orc priests
  2 jellies
  An iguana (D:4)
  5 orc wizards
  11 adders
  5 gnolls
  A shadow imp (D:8)
  A white imp (D:6)
  5 ufetubi
  4 worms
  8 dart slugs
  16 orcs
  5 bats
  8 endoplasms
  12 giant cockroaches
  5 goblins
  3 hobgoblins
  6 jackals (D:4)
  4 quokkas
  6 ball pythons
  4 frilled lizards
  28 kobolds
  7 rats
177 creatures vanquished.

Vanquished Creatures (others)
  14 plants
14 creatures vanquished.

Grand Total: 191 creatures vanquished

Notes
Turn   | Place    | Note
-------+----------+-------------------------------------------
     0 | D:1      | tailcall the Minotaur Fighter began the quest for the Orb.
     0 | D:1      | Reached XP level 1. HP: 19/19 MP: 0/0
   216 | D:1      | Reached XP level 2. HP: 24/27 MP: 1/1
   320 | D:2      | Reached skill level 4 in Fighting
   625 | D:4      | Reached skill level 1 in Dodging
   625 | D:4      | Reached XP level 3. HP: 33/33 MP: 2/2
   821 | D:4      | Reached XP level 4. HP: 40/41 MP: 3/3
  1211 | D:5      | Entered Level 5 of the Dungeon
  1227 | D:5      | Noticed an ice beast
  1235 | D:5      | Reached skill level 5 in Fighting
  1235 | D:5      | Reached XP level 5. HP: 32/48 MP: 4/4
  1239 | D:5      | Noticed a black bear
  1240 | D:5      | Killed an ice beast
  1453 | D:5      | Killed a black bear
  1454 | D:5      | Reached XP level 6. HP: 56/57 MP: 5/5
  1596 | D:5      | Reached skill level 6 in Fighting
  1644 | D:5      | Noticed an ice beast
  1649 | D:5      | Reached skill level 1 in Throwing
  1649 | D:5      | Reached skill level 5 in Shields
  1656 | D:5      | Killed an ice beast
  1657 | D:5      | Reached skill level 5 in Armour
  1657 | D:5      | Reached XP level 7. HP: 44/63 MP: 6/6
  2014 | D:5      | Found a staircase to the Ecumenical Temple.
  2028 | Temple   | Entered the Ecumenical Temple
  2561 | D:3      | Found a faded altar of an unknown god.
  2728 | D:3      | Found a runed translucent gate.
  2729 | D:3      | Found a runed translucent gate.
  2730 | D:3      | Found a runed translucent gate.
  2730 | D:3      | Noticed qborf's ghost (amateur TeFE)
  2889 | D:3      | Found a broken altar of Ashenzari.
  2889 | D:3      | Found a faded altar of an unknown god.
  2897 | D:3      | Found an ornate altar of the Wu Jian Council.
  2899 | D:3      | Found a stormy altar of Qazlal.
  2901 | D:3      | Found a sacrificial altar of Ru.
  2905 | D:3      | Became a worshipper of Qazlal Stormbringer
  5457 | D:6      | Found a snail-covered altar of Cheibriados.
  5475 | D:6      | Noticed Menkaure
  5484 | D:6      | HP: 3/64 [Menkaure/nerve-wracking pain (5)]
  5486 | D:6      | Killed Menkaure
  5487 | D:6      | Reached skill level 7 in Fighting
  5487 | D:6      | Reached skill level 1 in Invocations
  5488 | D:6      | Reached XP level 8. HP: 3/73 MP: 6/8
  5493 | D:6      | Noticed Maggie
  5523 | D:6      | Killed Maggie
  5543 | D:6      | Found a radiant altar of Vehumet.
  5571 | D:6      | Found a glowing drain.
  5575 | D:6      | Reached * piety under Qazlal
  5593 | Sewer    | Entered a sewer
  5817 | Sewer    | Noticed Pargi
  5822 | Sewer    | Killed Pargi
  5823 | Sewer    | Reached skill level 5 in Axes
  6182 | D:6      | Reached ** piety under Qazlal
  6518 | D:6      | Noticed a deep elf zephyrmancer
  6527 | D:6      | Killed a deep elf zephyrmancer
  6528 | D:6      | Reached skill level 8 in Fighting
  6528 | D:6      | Reached XP level 9. HP: 30/81 MP: 10/10
  6813 | D:6      | Found a shimmering altar of Xom.
  7297 | D:7      | Noticed a moth of wrath
  7298 | D:7      | Noticed p0werm0de's ghost (novice MeCK)
  7308 | D:7      | Found a transporter.
  7482 | D:7      | Found a transporter.
  7661 | D:7      | Reached skill level 5 in Throwing
  8319 | D:8      | Noticed a six-headed hydra
  8331 | D:8      | HP: 2/82 [seven-headed hydra (6)]
  8334 | D:8      | Mangled by a seven-headed hydra

Illustrated notes

Levels and vault maps discovered:
D:1:      lemuel_arrival_behind_the_door_small, layout_basic
D:2:      layout_basic
D:3:      layout_loops_ring, chequers_temple_overflow_minitemple,
          ebering_ghost_rock_garden,
          hellmonk_ecumenical_altar_pennies_from_heaven, minmay_circle_x
D:4:      layout_cave_pools, serial_bayou_pond_c
D:5:      layout_cave_pools, minmay_temple_entry_fiery,
          amcnicky_mini_rare_corridor_liquid, chequers_serial_rivers_micro_d,
          dreamdust_princess_bridge, palyth_stone_intersect,
          minmay_misc_feat_encased, hex_medium, chequers_serial_rivers_room_b,
          lexackson_kobold_supper
D:6:      layout_basic, vehumet_altar_wand_db, cheibrodos_worm_habitat, tgw_xom,
          portal_sewer_entry_f, guppyfry_early_elven_hall, uniq_maggie,
          uniq_menkaure
D:7:      layout_layer_cave, gammafunk_ghost_berserking_beasts
D:8:      layout_basic, mainiacjoe_overflow_brackets, kennysheep_little_box,
          david_lair_shrubbed, hangedman_minor_gate_pass
Temple:   nicolae_temple_ecumenical_triangle

Skill      XL: |  1  2  3  4  5  6  7  8  9 |
---------------+----------------------------+-----
Fighting       | 4 5 6 7 8 |  8.9
Dodging        | 1 2 3 4 |  4.8
Axes           | 3 4 5 |  5.9
Armour         | 4 5 6 |  6.6
Shields        | 4 5 6 |  6.6
Throwing       | 1 2 4 5 |  5.2
Invocations    | 1 3 4 |  4.4

Action                   |  1- 3 |  4- 6 |  7- 9 || total
-------------------------+-------+-------+-------++-------
Melee: War axe           |    49 |    55 |   317 ||   421
       Headbutt          |     9 |     6 |    53 ||    68
  Use: Potion            |       |       |     4 ||     4
       Scroll            |       |       |     9 ||     9
Armor: Scale mail        |    31 |    61 |   129 ||   221
       Swamp dragon scal |       |       |    56 ||    56
Dodge: Dodged            |    24 |    44 |   183 ||   251
Block: Buckler           |    11 |    17 |   118 ||   146

Table legend: (Time is in decaauts)
 A = Elapsed time spent in this place.
 B = Non-inter-level travel time spent in this place.
 C = Inter-level travel time spent in this place.
 D = Time resting spent in this place.
 E = Time spent auto-exploring this place.
 F = Levels seen in this place.
 G = Mean time per level.
                   A        B        C        D        E       F      G
               +--------+--------+--------+--------+--------+-----+--------+
         Total |   8497 |   8055 |    442 |    196 |   6573 |  10 |  849.7 |
       Dungeon |   8143 |   7702 |    441 |    196 |   6306 |   8 | 1017.9 |
        Temple |     92 |     91 |      1 |      0 |     83 |   1 |   92.0 |
         Sewer |    260 |    260 |      0 |      0 |    184 |   1 |  260.0 |
               +--------+--------+--------+--------+--------+-----+--------+

Top non-repeatable levels by time:
     D:6: 1403 daAuts
     D:3: 1310 daAuts
     D:2: 1261 daAuts
     D:7: 1247 daAuts
     D:1: 1004 daAuts
     D:4: 969 daAuts
     D:5: 868 daAuts
   Sewer: 260 daAuts
  Temple: 92 daAuts
     D:8: 78 daAuts
